 Dungeon Crawl Stone Soup version 0.26.1-2-gb8aa6d0cf2 (webtiles) character file.

Game seed: 6884724370513394878

8613 sking99 the Covert (level 11, -6/69 HPs)
             Began as a Kobold Enchanter on Feb 19, 2021.
             Was an Elder of Ru.
             Killed from afar by an electric eel (10 damage)
             ... with a bolt of electricity
             ... on level 10 of the Dungeon.
             The game lasted 00:28:13 (13448 turns).

sking99 the Covert (Kobold Enchanter)              Turns: 13448, Time: 00:28:14

Health: -6/69      AC: 10    Str:  9    XL:     11   Next: 59%
Magic:  9/14       EV: 17    Int: 17    God:    Ru [****..]
Gold:   299        SH:  0    Dex: 15    Spells: 9/14 levels left

rFire    . . .     SeeInvis .   b - +2 dagger (elec)
rCold    . . .     Faith    +   (shield restricted)
rNeg     + + .     Spirit   .   w - +3 leather armour {rN+}
rPois    +         Reflect  .   n - +2 hat
rElec    .         Harm     .   g - +0 cloak
rCorr    .         Rampage  .   c - +0 pair of gloves
Will     .....                  (no boots)
Stlth    +++.......             C - amulet of faith
HPRegen  0.21/turn              x - ring of poison resistance
MPRegen  0.14/turn              k - ring of positive energy

@: very slow
A: small, nightstalker 3, inability to use devices, hated by all, inability to
train armour
a: Renounce Religion, Draw Out Power, Power Leap


You were on level 10 of the Dungeon.
You worshipped Ru.
Ru was greatly pleased with you.
You visited 2 branches of the dungeon, and saw 11 of its levels.

You collected 539 gold pieces.
You spent 240 gold pieces at shops.

Inventory:

Hand Weapons
 b - a +2 dagger of electrocution (weapon)
Armour
 c - a +0 pair of gloves (worn)
 g - a +0 cloak (worn)
 n - a +2 hat (worn)
 w - a +3 leather armour of positive energy (worn)
Jewellery
 k - a ring of positive energy (right hand)
 x - a ring of poison resistance (left hand)
 C - an amulet of faith (around neck)
 I - a +4 ring of slaying {unknown}
 K - an uncursed ring of ice
Wands
 a - a wand of digging (9)
 v - a wand of acid (17)
 D - a wand of iceblast (13)
 E - a wand of enslavement (9)
Scrolls
 j - 7 scrolls of teleportation
 p - 2 scrolls of remove curse
 q - a scroll of fog
 r - 4 scrolls of amnesia
 t - 6 scrolls of identify
 u - a scroll of magic mapping
 y - 2 scrolls of fear
 A - 4 scrolls of enchant armour
 G - a scroll of holy word
 J - a scroll of brand weapon {unknown}
 M - a scroll of torment {unknown}
Potions
 d - a potion of flight {unknown}
 e - 3 potions of attraction
 f - 6 potions of haste
 h - a potion of might {unknown}
 i - 4 potions of heal wounds {unknown}
 l - 10 potions of curing
 m - a potion of mutation {unknown}
 o - 2 potions of lignification {unknown}
 s - a potion of cancellation {unknown}
 z - a potion of ambrosia {unknown}
 B - a potion of degeneration {unknown}
 F - a potion of magic {unknown}
 H - 2 potions of resistance {unknown}
 L - a potion of invisibility {unknown}


   Skills:
 + Level 8.4 Fighting
 - Level 10.0 Short Blades
 + Level 5.1 Dodging
 + Level 12.2 Stealth
 - Level 2.1 Spellcasting
 - Level 10.0 Hexes
 - Level 3.0 Ice Magic


You had 9 spell levels left.
You knew the following spells:

 Your Spells              Type           Power        Failure   Level
a - Confusing Touch       Hex            35%          1%          3
b - Ensorcelled Hibernat  Hex/Ice        46%          2%          2

Your spell library contained the following spells:

 Spells                   Type           Power        Failure   Level
 Corona                   Hex            38%          1%          1
 Slow                     Hex            35%          1%          2
 Dazzling Flash           Conj/Hex       36%          11%         3
 Magic Dart               Conj           4%           26%         1
 Blink                    Tloc           N/A          38%         2
 Conjure Flame            Conj/Fire      1%           63%         3
 Mephitic Cloud           Conj/Pois/Air  1%           63%         3
 Tukima's Dance           Hex            Unusable     N/A         3
 Call Imp                 Summ           Unusable     N/A         2

Dungeon Overview and Level Annotations

Branches:
Dungeon (10/15)            Temple (1/1) D:4            Lair (0/6) D:10
    Orc (0/2) D:9

Altars:
Ashenzari
Cheibriados
Dithmenos
Elyvilon
Fedhas
Gozag
Kikubaaqudgha
Makhleb
Okawaru
Qazlal
Ru
Sif Muna
Trog
Uskayaw
Vehumet
Xom
Yredelemnul
Zin
The Shining One

Shops:
D:7 *   D:9 (

Annotations:
D:9 2 transporters
D:10 2 transporters


Innate Abilities, Weirdness & Mutations

You are small and have problems with some larger weapons.
You are completely attuned to the shadows.
You cannot study or use magical devices.
You are hated by all.
You cannot train Armour skill.


Message History

The electric eel completely resists.
The bolt of electricity hits you!
The electric eel shoots out a bolt of lightning at you!
The bolt of electricity misses you.
You are too injured to fight recklessly!
You are too injured to fight recklessly!
The electric eel shoots out a bolt of lightning at you!
The bolt of electricity hits you.
You enter the shallow water.
Moving in this stuff is going to be slow.
The electric eel shoots out a bolt of lightning at you!
The bolt of electricity hits you!
* * * LOW HITPOINT WARNING * * *
The bolt of electricity hits you.
* * * LOW HITPOINT WARNING * * *
The electric eel shoots out a bolt of lightning at you!
The bolt of electricity misses you. The bolt of electricity hits you!
* * * LOW HITPOINT WARNING * * *
The electric eel shoots out a bolt of lightning at you!
The bolt of electricity hits you!
You die...

#.)#........###...
#..#...(....#.....
#..#..........#...
#.........#.######
##..######.#..#
#.......##.##.#
##..###.# # ..
.###..###.# #.#
.≈≈≈@.....#
≈≈≈≈≈≈≈##.....
≈≈≈≈≈;;≈≈≈.≈≈≈
≈≈≈≈≈≈≈≈≈≈≈≈≈≈≈≈≈≈≈≈≈
≈≈≈≈≈≈≈≈≈≈≈≈.≈≈≈≈≈≈≈≈
≈≈≈≈#≈≈.. ≈≈≈≈≈≈≈
.≈≈≈≈≈# #≈≈.# ###.#


You could see 2 electric eels.

Vanquished Creatures
  Fannar (D:10)
  Joseph (D:7)
  7 yaks
  4 wyverns
  2 basilisks (D:10)
  A steam dragon (D:8)
  Menkaure (D:4)
  Edmund (D:4)
  3 water moccasins
  2 sky beasts
  An orc warrior (D:9)
  A black bear (D:10)
  4 ice beasts
  2 phantoms
  3 ogres
  4 centaurs
  2 big kobolds
  5 bullfrogs
  6 scorpions
  9 killer bees
  9 wights
  2 electric eels (D:10)
  3 howler monkeys
  2 centaur zombies
  A jelly (D:9)
  2 orc priests
  4 hounds
  4 centaur skeletons
  A gnoll shaman (D:8)
  10 orc wizards
  3 bullfrog skeletons
  An iguana (D:8)
  Ijyb (D:3)
  6 worker ants
  A hound zombie (D:6)
  A hound skeleton (D:6)
  Robin (D:4)
  A worker ant zombie (D:5)
  6 gnolls
  15 adders
  A shadow imp (D:5)
  4 white imps
  5 ufetubi
  An adder zombie (D:9)
  4 adder skeletons
  A worm (D:2)
  5 leopard geckos
  40 orcs
  A giant cockroach (D:2)
  13 hobgoblins
  7 jackals
  6 quokkas
  4 ball pythons
  7 bats
  3 frilled lizards
  12 goblins
  14 kobolds
  2 leopard gecko skeletons
  7 rats
271 creatures vanquished.

Vanquished Creatures (others)
  A jackal (D:10)
  2 fungi (D:10)
  21 plants (D:10)
24 creatures vanquished.

Grand Total: 295 creatures vanquished

Notes
Turn   | Place    | Note
-------+----------+-------------------------------------------
     0 | D:1      | sking99 the Kobold Enchanter began the quest for the Orb.
     0 | D:1      | Reached XP level 1. HP: 10/10 MP: 3/3
   702 | D:1      | Reached XP level 2. HP: 15/15 MP: 5/5
   705 | D:1      | Learned a level 2 spell: Ensorcelled Hibernation
  1096 | D:2      | Reached XP level 3. HP: 19/19 MP: 2/6
  1368 | D:2      | Reached XP level 4. HP: 24/24 MP: 7/7
  1658 | D:2      | Found an opulent altar of Gozag.
  2385 | D:3      | Reached skill level 5 in Stealth
  2385 | D:3      | Reached XP level 5. HP: 25/28 MP: 3/8
  2879 | D:3      | Noticed Ijyb
  2881 | D:3      | Killed Ijyb
  3750 | D:4      | Noticed an ogre
  3832 | D:4      | Noticed an ogre
  3854 | D:4      | Killed an ogre
  3855 | D:4      | Reached skill level 1 in Ice Magic
  3855 | D:4      | Reached XP level 6. HP: 32/32 MP: 0/9
  3976 | D:4      | Reached skill level 5 in Short Blades
  4064 | D:4      | Killed an ogre
  4065 | D:4      | Reached XP level 7. HP: 35/36 MP: 1/10
  4068 | D:4      | Reached skill level 6 in Stealth
  4143 | D:4      | Noticed Edmund
  4407 | D:4      | Found a staircase to the Ecumenical Temple.
  4413 | Temple   | Entered the Ecumenical Temple
  4548 | Temple   | Became a worshipper of Ru the Awakened
  4580 | D:4      | Noticed Menkaure
  4599 | D:3      | Learned a level 3 spell: Confusing Touch
  4656 | D:4      | Killed Edmund
  4657 | D:4      | Reached skill level 5 in Hexes
  4935 | D:4      | Noticed Robin
  4948 | D:4      | Killed Robin
  5574 | D:4      | Killed Menkaure
  5575 | D:4      | Reached XP level 8. HP: 32/41 MP: 8/11
  5692 | D:4      | Reached skill level 7 in Stealth
  5881 | D:4      | Found a stormy altar of Qazlal.
  6181 | D:5      | Entered Level 5 of the Dungeon
  6298 | D:5      | Found an ancient bone altar of Kikubaaqudgha.
  6316 | D:5      | Reached skill level 1 in Fighting
  6536 | D:5      | Reached XP level 9. HP: 22/49 MP: 1/12
  6538 | D:5      | Reached skill level 8 in Stealth
  7041 | D:5      | Found a glowing silver altar of Zin.
  8011 | D:6      | Gained mutation: You cannot train Armour skill. [Ru
                  | sacrifice]
  8011 | D:6      | Reached * piety under Ru
  8809 | D:7      | Found a broken altar of Ashenzari.
  8944 | D:7      | Reached skill level 9 in Stealth
  9094 | D:7      | Found Qatywia's General Store.
  9099 | D:7      | Bought an uncursed ring of poison resistance for 240 gold
                  | pieces
  9526 | D:7      | Reached XP level 10. HP: 54/58 MP: 2/13
  9535 | D:7      | Noticed Joseph
  9564 | D:7      | Killed Joseph
  9577 | D:7      | Reached skill level 5 in Fighting
 10452 | D:8      | Found a radiant altar of Vehumet.
 10770 | D:8      | Reached skill level 10 in Stealth
 10822 | D:8      | Found a shadowy altar of Dithmenos.
 10833 | D:8      | Gained mutation: You cannot study or use magical devices.
                  | [Ru sacrifice]
 10833 | D:8      | Reached ** piety under Ru
 10833 | D:8      | Reached *** piety under Ru
 10955 | D:9      | Found a basalt altar of Yredelemnul.
 11089 | D:9      | Found a white marble altar of Elyvilon.
 11298 | D:9      | Found a bloodstained altar of Trog.
 11418 | D:9      | Found a transporter.
 11636 | D:9      | Noticed a skeletal warrior
 11638 | D:9      | Found a transporter.
 11948 | D:9      | Found Ruraups's Weapon Shoppe.
 11950 | D:9      | Found a staircase to the Orcish Mines.
 12267 | D:10     | Entered Level 10 of the Dungeon
 12296 | D:10     | Noticed Fannar
 12314 | D:10     | Killed Fannar
 12315 | D:10     | Reached skill level 10 in Short Blades
 12315 | D:10     | Reached skill level 11 in Stealth
 12315 | D:10     | Reached skill level 10 in Hexes
 12315 | D:10     | Reached XP level 11. HP: 67/67 MP: 11/14
 12357 | D:10     | Gained mutation: You are hated by all. [Ru sacrifice]
 12357 | D:10     | Reached **** piety under Ru
 12811 | D:10     | Found a staircase to the Lair.
 13215 | D:10     | Found a transporter.
 13242 | D:10     | Found a transporter.
 13246 | D:10     | Reached skill level 12 in Stealth
 13372 | D:10     | Noticed a red ugly thing
 13377 | D:10     | Noticed an ogre mage
 13379 | D:10     | Noticed a deep troll earth mage
 13418 | D:10     | Reached skill level 5 in Dodging
 13448 | D:10     | Killed from afar by an electric eel

Illustrated notes

Levels and vault maps discovered:
D:1:      erik_arrival_orb_chamber, layout_basic
D:2:      minmay_evil_eye, layout_basic, nicolae_gozag_seed_capital
D:3:      layout_basic, minmay_quantized, uniq_ijyb
D:4:      kennysheep_goblin_castle, layout_gridville,
          minmay_temple_entry_antechambers,
          hangedman_abyss_or_decor_lesser_grid, dk_noncrumbling_3,
          nicolae_qazlal_general_emergency, uniq_edmund, uniq_menkaure
D:5:      layout_basic, nicolae_overflow_hidden_temple, kennysheep_mini_moat,
          lemuel_round_altar
D:6:      layout_basic
D:7:      layout_loops_cross, evilmike_ruin_ashenzari, serial_shops, shop,
          uniq_joseph
D:8:      wad_crossroads, layout_rooms, lemuel_crystal_altar,
          nicolae_dithmenos_shadow_blocks, serial_bayou_crossing
D:9:      layout_roguey, gammafunk_temple_overflow_arena, old_standard_altar,
          kennysheep_little_box, orc_david_3
D:10:     gammafunk_sealed_arena, layout_basic, minmay_lair_entry_grove,
          uniq_fannar
Temple:   nicolae_temple_figure_zero

Skill      XL: |  1  2  3  4  5  6  7  8  9 10 11 |
---------------+----------------------------------+-----
Short Blades   | 2 3 4 5 6 7 8 10 | 10.0
Stealth        | 5 6 7 9 11 12 | 12.2
Hexes          | 4 5 7 8 10 | 10.0
Ice Magic      | 1 3 |  3.0
Fighting       | 2 4 7 8 |  8.4
Dodging        | 5 |  5.1
Spellcasting   | |  2.1

Action                   |  1- 3 |  4- 6 |  7- 9 | 10-12 || total
-------------------------+-------+-------+-------+-------++-------
Melee: Dagger            |    33 |    65 |   233 |   245 ||   576
 Cast: Corona            |     2 |       |       |       ||     2
       Ensorcelled Hiber |     8 |    38 |    62 |    66 ||   174
       Confusing Touch   |       |       |    12 |     6 ||    18
Invok: Sacrifice Durabil |       |       |     1 |       ||     1
       Sacrifice Artific |       |       |       |     1 ||     1
       Sacrifice Love    |       |       |       |     1 ||     1
  Use: Scroll            |       |    11 |     4 |       ||    15
 Stab: Sleeping          |    15 |    34 |    79 |    64 ||   192
       Confused          |       |       |     7 |     5 ||    12
       Distracted        |       |       |       |     1 ||     1
Armor: Robe              |     1 |    11 |       |       ||    12
       Leather armour    |       |     4 |    66 |    50 ||   120
Dodge: Dodged            |    13 |    50 |   187 |   107 ||   357
